Unix NetHack Version 3.7.0-101 Work-in-progress - last build Mar 25 2024 22:18:23 (462964f8eaac915e699fc3a71b43428251fec12b,branch:master). Game began 2024-03-29 15:58:26, ended 2024-03-30 21:19:01. misanthrope, lawful female human Valkyrie ------------------------------------------------------------ |........|.................................................. |...0....|.................................................------------ --|----[--.................................................|..........| # |........}}}}}}}....................}}}}}}}.....%....|........(.| # |........}-----}....................}-----}..........--|--|--...| # ---........}| |}}}}}}}}}}}}}}}}}}}}}}| |}.................|...| # |..........}--- ----------------------------}...).............|...| # |..........}}}| |........o(|}}}.................-...| --|----..........}| |....h..[C.%@@..................|...| |.....|..........}| |....T.CD. |}.)d................|...| |.....-........}}}| d |.......h |}}}.................-...| |.....|........}--- ------------------------ ---}.................|...| |.....|........}|e |}}}}}}}}}}}}}}}}}}}}}}| |}.................|(..| |..-)----......}-----}....................}-----}..........--|--|--...| |..|.)..|......}}}}}}}....................}}}}}}...........|..........| |..|..^*|..................................................|........(.| -----------................................................------------ |................................................ t ------------------------------------------------ Misanthrope the Woman-at-arms St:18/06 Dx:17 Co:18 In:9 Wi:15 Ch:12 Lawful Fort Ludios $:0 HP:0(112) Pw:36(36) AC:-11 Xp:13/41456 T:22610 Blind Lev Latest messages: Croesus picks up a bow. What do you want to zap? [bfqBFIPZ or ?*] In what direction? The moat is bridged with ice! The bolt of cold hits Croesus! The bolt of cold hits the bugbear! What do you want to zap? [bfqBFIPZ or ?*] In what direction? The bolt of cold hits the troll! You kill the bugbear! The troll picks up a poisoned arrow. The troll picks up 13 crossbow bolts. The troll picks up a set of yellow dragon scales. The blue dragon breathes lightning! The blast of lightning hits the forest centaur! The blast of lightning hits the bugbear! The blast of lightning misses the troll. The blast of lightning hits you! But it reflects from your medallion! You are blinded by the flash! You hear a chugging sound. What do you want to use or apply? [bcefklnpqvwBFIPZ or ?*] You can see again. The troll picks up a single-edged polearm. You kill the troll! The blue dragon breathes lightning! The blast of lightning hits the rock troll! The goblin is killed by the blast of lightning! The blast of lightning hits the forest centaur! Croesus picks up a crossbow. The blue dragon breathes lightning! The blast of lightning hits the forest centaur! The blast of lightning misses Croesus. The blast of lightning hits you! But it reflects from your medallion! You are blinded by the flash! Croesus hits! You hit Croesus. Croesus hits! Croesus hits! # Are you sure you want to pray? [yn] (n) You begin praying to Tyr. Croesus hits! You die... Do you want your possessions identified? [ynq] (y) Do you want to see your attributes? [ynq] (y) Do you want an account of creatures vanquished? [ynaq] (y) Do you want to see your conduct and achievements? [ynq] (y) Do you want to see the dungeon overview? [ynq] (y) Inventory: Amulets ('"') u - an uncursed amulet of reflection (being worn) Weapons (')') a - the blessed rustproof +4 Excalibur (weapon in right hand) z - an uncursed +0 katana (alternate weapon; not wielded) Armor ('[') G - an uncursed +0 dwarvish iron helm (being worn) X - an uncursed +0 pair of leather gloves (being worn) y - an uncursed +0 pair of iron shoes s - an uncursed +0 pair of levitation boots (being worn) O - an uncursed burnt +3 small shield (being worn) A - an uncursed +1 Hawaiian shirt with a jellyfish motif (being worn) Q - an uncursed +0 dwarvish mithril-coat (being worn) Comestibles ('%') W - an uncursed lizard corpse Scrolls ('?') E - an uncursed scroll of teleportation Rings ('=') i - a blessed +1 ring of protection (on right hand) D - an uncursed ring of slow digestion (on left hand) Wands ('/') q - an uncursed wand of cancellation (1:12) B - an uncursed wand of cancellation (0:7) I - an uncursed wand of cancellation (0:2) b - an uncursed wand of cold (0:0) f - an uncursed wand of digging (0:4) P - an uncursed wand of fire (0:5) F - an uncursed wand of light (1:3) Z - an uncursed wand of striking (0:1) Tools ('(') w - a blessed bag of holding containing 69 items l - a blessed magic lamp (lit) c - an uncursed magic whistle e - an uncursed +0 pick-axe k - an uncursed skeleton key named P21750 p - an uncursed stethoscope v - an uncursed towel named Col Stl Tpy Spd Poi Slp Inv SIn Shk P06 n - a blessed +0 unicorn horn Gems/Stones ('*') o - a blessed luckstone Contents of the bag of holding: 3306 gold pieces an uncursed amulet versus poison an uncursed amulet of guarding an uncursed +1 aklys an uncursed very burnt +0 pair of gauntlets of dexterity an uncursed +0 pair of jumping boots an uncursed +0 pair of water walking boots an uncursed +0 mummy wrapping an uncursed +0 set of green dragon scales an uncursed +0 set of green dragon scales an uncursed carrot 4 uncursed food rations an uncursed tin of quantum mechanic meat 2 uncursed scrolls of light 3 blessed scrolls of blank paper 4 uncursed scrolls of blank paper a cursed scroll of blank paper an uncursed scroll of create monster an uncursed scroll of earth 2 uncursed scrolls of enchant armor a cursed scroll of enchant armor a blessed scroll of identify an uncursed scroll of identify an uncursed scroll of remove curse an uncursed scroll of teleportation a blessed scroll of teleportation an uncursed potion of monster detection an uncursed potion of booze 5 uncursed potions of fruit juice a cursed potion of fruit juice an uncursed potion of gain energy an uncursed potion of hallucination a blessed potion of invisibility an uncursed potion of levitation a blessed potion of levitation an uncursed potion of polymorph 2 uncursed potions of sleeping a blessed potion of sleeping 14 potions of holy water an uncursed potion of water an uncursed ring of free action an uncursed ring of free action a cursed ring of levitation an uncursed ring of protection from shape changers an uncursed ring of sustain ability an uncursed ring of teleport control an uncursed wand of digging (0:7) an uncursed wand of digging (0:5) an uncursed wand of digging (0:1) an uncursed wand of fire (0:7) an uncursed wand of fire (0:6) an uncursed wand of polymorph (0:0) an uncursed magic marker (0:47) an uncursed tinning kit (0:45) an uncursed amber stone 6 uncursed amethyst stones 3 uncursed chrysoberyl stones 2 uncursed citrine stones 3 uncursed diamonds 4 uncursed emeralds an uncursed fluorite stone 6 uncursed garnet stones an uncursed jade stone 4 uncursed opals 3 uncursed rubies 3 uncursed sapphires an uncursed topaz stone 4 uncursed turquoise stones an uncursed luckstone Misanthrope the Valkyrie's attributes: Background: You were a Woman-at-arms, a level 13 human Valkyrie. You were lawful, on a mission for Tyr who was opposed by Odin (neutral) and Loki (chaotic). You were right-handed. You were on the Fort Ludios level. You entered the dungeon 22610 turns ago. You had 41456 experience points, 38544 more were needed to attain level 14. Basics: You had 0 out of 112 hit points. You had all 36 energy points (spell power). Your armor class was -11. Your wallet was empty, but you had 3306 zorkmids stashed away in your pack. Autopickup was off. Final Characteristics: Your strength was 18/06 (limit:18/100). Your dexterity was 17 (limit:18). Your constitution was 18 (limit:18). Your intelligence was 9 (limit:18). Your wisdom was 15 (limit:18). Your charisma was 12 (limit:18). Final Status: You were levitating. You were temporarily blind. You weren't hungry. You were unencumbered. You were wielding a long sword. You had expert skill with long sword. Final Attributes: You were piously aligned. You were cold resistant. You were sleep resistant. You were shock resistant. You were poison resistant. You were level-drain resistant. You would have seen invisible when not blind. You were telepathic. You had automatic searching. You were invisible to others. You were stealthy. You had slower digestion. You had a moderate defense bonus (+7). You were protected. You were fast. You had reflection. You were lucky. You had extra luck. Good luck did not time out for you. You are dead. Miscellaneous: You never encountered a bones level. Total elapsed playing time was 10 hours, 44 minutes and 57 seconds. Major events: Turn 1: misanthrope the lawful human Valkyrie entered the dungeon 894: attained the rank of Skirmisher (level 3) 2130: entered the Gnomish Mines 2196: attained the rank of Fighter (level 6) 3363: reached Mine Town 8068: entered Sokoban 8701: completed 1st Sokoban level 9172: completed 2nd Sokoban level 9193: attained the rank of Woman-at-arms (level 10) 9679: completed 3rd Sokoban level 11175: completed 4th Sokoban level 11465: acquired the Sokoban amulet of reflection 12854: has been given Excalibur, and now enjoys supreme executive power 15425: acquired the Mines' End luckstone 22610: killed by Croesus, while praying Vanquished creatures: an iron golem a gold dragon a blue dragon 3 green dragons a yellow dragon an ettin 5 lieutenants a ghost 3 giant mimics 2 zruties a fire giant an ice troll a rock troll 2 flesh golems a doppelganger 3 large mimics 5 stalkers an earth elemental a giant mummy 2 giant zombies 9 sergeants 2 winter wolves 3 small mimics a glass piercer 2 warhorses 2 xans 3 ettin mummies an ogre leader 5 quantum mechanics 7 trolls a sasquatch a wood golem a pyrolisk a large dog a freezing sphere a flaming sphere 3 shocking spheres a large cat a tiger a gargoyle a dwarf ruler a tengu an ochre jelly a leocrotta 2 mountain centaurs 3 stone giants a human mummy 2 red nagas 3 pythons a pit viper 2 wraiths a carnivorous ape an ettin zombie 2 leather golems 70 soldiers 2 watchmen an amorous demon 2 chameleons 2 crocodiles 2 quivering blobs 8 cockatrices a wolf a winter wolf cub a lynx a panther 31 leprechauns 2 iron piercers 3 mumakil 2 giant spiders 2 horses an ice vortex 2 black lights a vampire bat 2 forest centaurs 4 gnome rulers a dwarf mummy an ogre 2 rust monsters 4 owlbears 5 yetis 3 gold golems 5 Green-elves 4 giant eels 5 lizards a dingo 2 dogs 3 housecats 4 jaguars 3 dwarf leaders 2 blue jellies 2 gray unicorns a black unicorn 5 dust vortices 5 ravens 3 plains centaurs a gnome mummy 4 snakes 4 apes a human zombie 2 rope golems 2 Woodland-elves a soldier ant a fire ant 10 bugbears 4 imps a quasit a wood nymph 4 water nymphs a Mordor orc 3 orc shamans 7 rock piercers 4 rock moles 3 ponies 8 fog clouds 5 yellow lights 3 shriekers 3 violet fungi 23 gnome leaders 8 gnomish wizards 2 kobold mummies a golden naga hatchling 3 gray oozes 3 barrow wights 3 elf zombies a ghoul 3 straw golems 2 paper golems 3 giant ants a little dog 8 floating eyes 2 kittens 19 dwarves 2 homunculi 4 kobold leaders 2 kobold shamans 3 hill orcs 6 rothes 2 rabid rats 4 centipedes 5 giant bats 2 monkeys 3 dwarf zombies a wererat 5 werejackals 8 iguanas 15 killer bees 2 acid blobs 2 coyotes 6 hobbits 19 manes a large kobold 12 hobgoblins 9 giant rats 7 cave spiders 2 brown molds a green mold a red mold 78 gnomes 2 gnome zombies 5 geckos 21 jackals 3 foxes 6 kobolds 6 goblins 13 sewer rats 14 grid bugs 3 bats 14 lichens 3 kobold zombies 11 newts 766 creatures vanquished. No species were genocided or became extinct. Voluntary challenges: You read items or engraved 32 times. You engraved Elbereth 6 times. You never genocided any monsters. You used no wishes. You did not violate any of the special Sokoban rules. Achievements: You attained the rank of Skirmisher. You entered a shop. You entered the Gnomish Mines. You attained the rank of Fighter. You entered Minetown. You entered a temple. You entered Sokoban. You attained the rank of Woman-at-arms. You completed Sokoban. You completed the Gnomish Mines. The Dungeons of Doom: levels 1 to 13 Level 1: A fountain. Level 2: A general store. Level 3: A general store, a grave. Stairs down to The Gnomish Mines. Level 4: A bookstore, a grave. Level 5: Many fountains. Oracle of Delphi. Level 6: Stairs up to Sokoban, level 5. Level 7: A fountain. Level 8: A sink. Level 9: A temple and an altar to Tyr. Level 10: "novault,done" Level 11: Level 12: Summoned by the Norn. Level 13: "vault" A grave. Portal to Fort Ludios. The Gnomish Mines: levels 4 to 12 Level 4: Level 5: Level 6: A temple and an altar, some fountains, some trees. Level 7: Level 8: Level 9: Level 10: Level 11: Level 12: A fountain. Sokoban: levels 5 up to 2 Level 2: Solved. Level 3: Solved. Level 4: Solved. Level 5: Solved. Fort Ludios: Level 1: <- You were here. A throne. Fort Ludios. Final resting place for you, killed by Croesus, while praying. Game over: ---------- / \ / REST \ / IN \ / PEACE \ / \ | misanthrope | | 3306 Au | | killed by | | Croesus | | | | | | 2024 | *| * * * | * _________)/\\_//(\/(/\)/\//\/|_)_______ Farvel misanthrope the Valkyrie... You died in Fort Ludios with 160086 points, and 3306 pieces of gold, after 22610 moves. You were level 13 with a maximum of 112 hit points when you died.